 Dungeon Crawl Stone Soup version 0.25-a0-730-g633e9c3 (webtiles) character file.

Game seed: 286061151097786810, levelgen mode: deterministic

487 BlueFish the Magician (level 6, -3/44 HPs)
             Began as a Mummy Wizard on Apr 7, 2020.
             Slain by a sky beast (6 damage)
             ... on level 5 of the Dungeon.
             The game lasted 00:10:05 (5537 turns).

BlueFish the Magician (Mummy Wizard)                Turns: 5537, Time: 00:10:05

Health: -3/44      AC:  6    Str: 10    XL:     6   Next: 89%
Magic:  2/15       EV: 13    Int: 19    God:
Gold:   185        SH:  0    Dex: 11    Spells: 8/18 levels left

rFire    x . .     SeeInvis .   h - +2 dagger (vamp)
rCold    + . .     Gourm    .   (no shield)
rNeg     + + +     Faith    .   a - +0 robe
rPois    ∞         Spirit   .   b - +0 hat
rElec    .         Reflect  .   e - +2 cloak
rCorr    .         Harm     .   g - +0 pair of gloves
MR       .....                  (no boots)
Stlth    ++........             (no amulet)
HPRegen  0.14/turn              (no ring)
MPRegen  0.14/turn              (no ring)

@: very slightly contaminated
A: no food or potions, fire vulnerability, cold resistance 1, negative energy
resistance 3, torment resistance, unbreathing
a: no special abilities


You were on level 5 of the Dungeon.
You were not hungry.

You visited 2 branches of the dungeon, and saw 6 of its levels.

You collected 185 gold pieces.

Inventory:

Hand Weapons
 d - a +0 spear
 h - a +2 vampiric dagger (weapon)
Armour
 a - a +0 robe (worn)
 b - a +0 hat (worn)
 e - a +2 cloak (worn)
 g - a +0 pair of gloves (worn)
Wands
 j - a wand of digging (8)
 n - a wand of scattershot (6)
Scrolls
 c - 2 scrolls of amnesia
 f - 2 scrolls of enchant armour
 i - 2 scrolls of remove curse
 k - a scroll of immolation
 l - a scroll of fear {unknown}
 m - a scroll of teleportation {unknown}
 o - a scroll of fog {unknown}


   Skills:
 * Level 2.1 Fighting
 + Level 0.7 Short Blades
 * Level 2.9 Dodging
 * Level 2.7 Stealth
 * Level 6.7 Spellcasting
 + Level 1.1 Conjurations
 + Level 2.0 Summonings
 + Level 0.7 Translocations
 + Level 0.1 Air Magic
 + Level 0.1 Poison Magic


You had 8 spell levels left.
You knew the following spells:

 Your Spells              Type           Power        Failure   Level  Hunger
a - Magic Dart            Conj           ##..         6%          1    N/A
b - Blink                 Tloc           N/A          12%         2    N/A
c - Call Imp              Summ           ##......     7%          2    N/A
d - Slow                  Hex            #.......     16%         2    N/A
e - Mephitic Cloud        Conj/Pois/Air  #.......     26%         3    N/A

Your spell library contained the following spells:

 Spells                   Type           Power        Failure   Level  Hunger
 Conjure Flame            Conj/Fire      #.......     24%         3    N/A
 Summon Lightning Spire   Summ/Air       ##......     54%         4    N/A
 Silence                  Hex/Air        #.........   95%         5    N/A
 Conjure Ball Lightning   Conj/Air       #.........   100%        6    N/A
 Deflect Missiles         Chrm/Air       #.........   100%        6    N/A
 Tornado                  Air            #.........   100%        9    N/A

Dungeon Overview and Level Annotations

Branches:
Dungeon (5/15)             Temple (1/1) D:4

Altars:
Cheibriados
Dithmenos
Gozag
Hepliaklqana
Nemelex Xobeh
Okawaru
Qazlal
Ru
Sif Muna
Uskayaw
Vehumet
Wu Jian
Yredelemnul
Zin
The Shining One


Innate Abilities, Weirdness & Mutations

You do not eat or drink.
Your flesh is vulnerable to fire.
You are immune to poison.
Your flesh is cold resistant. (rC+)
You are immune to negative energy. (rN+++)
You are immune to unholy pain and torment.
You can survive without breathing.


Message History

The bullfrog zombie hits you.
* * * LOW HITPOINT WARNING * * *
Your crimson imp blinks!
The bullfrog zombie misses you.
You hit the bullfrog zombie.
The bullfrog zombie is severely damaged.
Your crimson imp blinks!
The bullfrog zombie closely misses you.
You hit the bullfrog zombie but do no damage.
The bullfrog zombie is severely damaged.
Okay, then.
You can't drink.
You closely miss the sky beast.
The sky beast is heavily wounded.
You hit the sky beast.
The sky beast is heavily wounded.
The sky beast hits you.
* * * LOW HITPOINT WARNING * * *
The sky beast shocks you.
You die...

.........#
......5.. #
........###5##.#
......§gY.......
########5##..##
#.##.. #..#)#
#########g#.#
.......@YZ..#
#########...#
#...# #.#.#
###.#.# #.#
#.....#
.#.#####.#.#>#
.'.........#.#
.#.#####...#.#


You could see a sky beast, a gnoll and a bullfrog zombie.

Vanquished Creatures
  A bullfrog (D:3)
  A scorpion (D:4)
  A howler monkey (D:5)
  2 orc priests
  Terence (D:3)
  Natasha (D:3)
  A worker ant zombie (D:5)
  A gnoll (D:5)
  4 adders
  A howler monkey skeleton (D:5)
  5 worms
  7 orcs
  4 giant cockroaches
  A gnoll zombie (D:2)
  8 goblins
  2 hobgoblins
  5 kobolds
  2 ball pythons
  A ball python skeleton (D:4)
  5 bats
  2 frilled lizards
  8 rats
64 creatures vanquished.

Vanquished Creatures (collateral kills)
  2 orc wizards (D:3)
  Ijyb (D:3)
  2 worker ants
  4 adders
  A gnoll (D:5)
  An adder skeleton (D:4)
  A worm (D:3)
  A dart slug (D:4)
  4 orcs
  2 ball pythons (D:2)
  A gnoll zombie (D:2)
  A hobgoblin (D:3)
  2 kobolds (D:3)
  2 bats (D:3)
  A rat (D:2)
26 creatures vanquished.

Grand Total: 90 creatures vanquished

Notes
Turn   | Place    | Note
-------+----------+-------------------------------------------
     0 | D:1      | BlueFish the Mummy Wizard began the quest for the Orb.
     0 | D:1      | Reached XP level 1. HP: 13/13 MP: 5/5
   425 | D:1      | Reached XP level 2. HP: 20/20 MP: 5/7
   429 | D:1      | Learned a level 2 spell: Blink
   432 | D:1      | Learned a level 2 spell: Call Imp
   437 | D:1      | Learned a level 2 spell: Slow
  1015 | D:1      | You fall into a shaft and drop 1 floor!
  1438 | D:2      | Reached skill level 1 in Conjurations
  1441 | D:2      | Reached XP level 3. HP: 25/25 MP: 2/9
  1446 | D:2      | Learned a level 3 spell: Mephitic Cloud
  1735 | D:2      | Found a basalt altar of Yredelemnul.
  2017 | D:3      | Noticed Terence
  2025 | D:3      | Killed Terence
  2025 | D:3      | Reached skill level 5 in Spellcasting
  2026 | D:3      | Reached skill level 1 in Summonings
  2109 | D:3      | Reached XP level 4. HP: 31/31 MP: 11/11
  2225 | D:3      | Noticed Ijyb
  2238 | D:3      | Killed Ijyb
  2292 | D:3      | Found an opulent altar of Gozag.
  2527 | D:3      | Found an ornate altar of the Wu Jian Council.
  2662 | D:3      | Reached XP level 5. HP: 33/36 MP: 5/13
  2953 | D:3      | Noticed Natasha
  2960 | D:3      | Killed Natasha
  2960 | D:3      | Reached skill level 1 in Fighting
  3060 | D:3      | Found a glowing golden altar of the Shining One.
  3356 | D:3      | Reached skill level 6 in Spellcasting
  3676 | D:4      | Found a snail-covered altar of Cheibriados.
  4027 | D:4      | Reached XP level 6. HP: 43/43 MP: 9/15
  4610 | D:4      | Found a staircase to the Ecumenical Temple.
  4622 | Temple   | Entered the Ecumenical Temple
  4928 | D:4      | Found a sacrificial altar of Ru.
  4947 | D:5      | Entered Level 5 of the Dungeon
  5511 | D:5      | Noticed a sky beast
  5537 | D:5      | Slain by a sky beast

Levels and vault maps discovered:
D:1:      doesnt_arrival_eight_statues, layout_basic
D:2:      layout_rooms, lemuel_zombie_altar_yredelemnul
D:3:      layout_loops_ring, nicolae_overflow_crystal_walls, marbit_many_paths,
          grunt_gozag_statues, first_ration, minmay_between, uniq_ijyb,
          uniq_terence, uniq_natasha
D:4:      layout_loops_ring, nicolae_overflow_hidden_temple,
          kennysheep_slug_shrine, minmay_temple_entry_offerings
D:5:      layout_basic, minmay_misc_feat_hallway
Temple:   nicolae_temple_figure_zero

Skill      XL: |  1  2  3  4  5  6 |
---------------+-------------------+-----
Conjurations   | 1 |  1.1
Dodging        | 2 |  2.9
Spellcasting   | 5 6 |  6.7
Summonings     | 1 2 |  2.0
Stealth        | 2 |  2.7
Fighting       | 1 2 |  2.1
Short Blades   | |  0.7
Translocations | |  0.7
Air Magic      | |  0.1
Poison Magic   | |  0.1

Action                   |  1- 3 |  4- 6 || total
-------------------------+-------+-------++-------
Melee: Dagger            |    28 |   186 ||   214
 Cast: Magic Dart        |    52 |    43 ||    95
       Call Imp          |    15 |    58 ||    73
       Mephitic Cloud    |       |     6 ||     6
  Use: Scroll            |     3 |     2 ||     5
 Stab: Sleeping          |       |     6 ||     6
       Distracted        |       |     1 ||     1
       Confused          |       |     4 ||     4
Armor: Robe              |     8 |    54 ||    62
Dodge: Dodged            |    21 |   130 ||   151

Table legend:
 A = Non-vault XP
 B = Vault XP
 C = Vault XP percentage of total XP
 D = Non-vault monster count
 E = Vault monster count
 F = Vault count percentage of total count
                 A         B        C        D         E       F
            +---------+---------+-------+---------+---------+-------
      Total |     589 |     108 |  15.5 |      76 |      14 |  15.6
            +---------+---------+-------+---------+---------+-------
        D:1 |      26 |       0 |   0.0 |      17 |       0 |   0.0
        D:2 |      32 |       3 |   8.6 |      13 |       2 |  13.3
        D:3 |     214 |     101 |  32.1 |      19 |      11 |  36.7
        D:4 |     181 |       4 |   2.2 |      18 |       1 |   5.3
        D:5 |     136 |       0 |   0.0 |       9 |       0 |   0.0
            +---------+---------+-------+---------+---------+-------
